 Dungeon Crawl Stone Soup version 0.28-a0-537-g3bccd9ccbf (webtiles) character file.

Game seed: 3083263471685733050

80 speeev33 the Skirmisher (level 4, -7/29 HPs)
             Began as a Gargoyle Fighter on Sept 27, 2021.
             Mangled by Sigmund (10 damage)
             ... on level 2 of the Dungeon.
             The game lasted 00:01:36 (1451 turns).

speeev33 the Skirmisher (Gargoyle Fighter)          Turns: 1451, Time: 00:01:36

Health: -7/29      AC: 13    Str: 21    XL:     4   Next: 39%
Magic:  4/4        EV:  7    Int:  8    God:
Gold:   19         SH:  4    Dex:  9    Spells: 3/3 levels left

rFire   . . .      SeeInvis .   a - +0 flail
rCold   . . .      Faith    .   c - +0 buckler
rNeg    + . .      Spirit   .   j - +0 chain mail
rPois   ∞          Reflect  .   (no helmet)
rElec   +          Harm     .   (no cloak)
rCorr   .          Rampage  .   (no gloves)
Will    .....                   (no boots)
Stlth   ..........              (no amulet)
HPRegen 0.09/turn               (no ring)
MPRegen 0.09/turn               (no ring)

@: mighty
A: sickness immunity, AC +3, negative energy resistance 1, electricity
resistance, torment resistance 1, petrification resistance
a: no special abilities


You were on level 2 of the Dungeon.
You visited 1 branch of the dungeon, and saw 2 of its levels.

You collected 19 gold pieces.

Inventory:

Hand Weapons
 a - a +0 flail (weapon)
Armour
 c - a +0 buckler (worn)
 j - a +0 chain mail (worn)
Scrolls
 b - 2 scrolls of amnesia
 f - 2 scrolls of teleportation
Potions
 d - 2 potions of might
 e - a potion of curing
 g - a potion of ambrosia {unknown}
 h - a potion of resistance {unknown}


   Skills:
 + Level 4.0 Fighting
 + Level 2.8 Maces & Flails
 + Level 3.9 Armour
 + Level 3.9 Shields


You had 3 spell levels left.
You didn't know any spells.
Your spell library was empty.

Dungeon Overview and Level Annotations

Branches:
Dungeon (2/15)

Altars:

Annotations:
D:2 Sigmund


Innate Abilities, Weirdness & Mutations

You are immune to sickness and miasma.
Your stone body is resilient. (AC +3)
You are immune to poison.
You resist negative energy. (rN+)
You are resistant to electric shocks. (rElec)
You are resistant to unholy torment.
You are immune to petrification.


Message History

You closely miss the rat. The rat bites you but does no damage.
You closely miss the rat. The rat barely misses you.
You barely miss the rat. The rat bites you but does no damage.
The rat bites you.
You closely miss the rat. The rat bites you but does no damage.
You barely miss the rat. The rat bites you but does no damage.
You sock the rat!
You kill the rat!
You see here a ball python corpse.
You start resting.
HP restored.
Sigmund the Dreaded comes into view.
He is wielding a +0 scythe, wearing a +1 robe of willpower and carrying a wand of flame (14).
Sigmund is nearby!
You feel very mighty all of a sudden.
Sigmund casts a spell.
Sigmund flickers and vanishes!
Deactivating autopickup; reactivate with Ctrl-A.
Something hits you.
You completely miss something. Something hits you.
You completely miss something. You barely miss something.
You hear a zap.
A puff of flame appears from out of thin air!
The puff of flame hits you.
You hear a zap.
A puff of flame appears from out of thin air!
The puff of flame hits you.
You sock something! Something hits you but does no damage.
You closely miss something.
You hear some strange, mumbled words.
Something tries to affect you, but you resist.
You closely miss something. Something hits you.
Unknown command.
You sock something! Something hits you but does no damage.
You closely miss something.
Unknown command.
You miss something. Something hits you!
* * * LOW HITPOINT WARNING * * *
You closely miss something. Something hits you!
You die...

...# #....#.# ...#
#....#.#.#.. .# ######
...# #....#.#.#.##.#
#..... ...#
#####....#.........
#.####
...###........#.........
#.# .....'........#
...... #†####
######.....#.## ....
#.....
#.....#.####.#######
######
#.....#...{@........
#.....#.####.######
#.....### #.##########
#.....# #..........#
#.....# ##########.#
#.....# #.# #.....# #.#
####### #.# ###.#


There were no monsters in sight!

Vanquished Creatures
  4 adders (D:2)
  2 worms (D:2)
  5 endoplasms
  3 giant cockroaches
  4 hobgoblins
  4 kobolds
  3 quokkas
  2 ball pythons
  5 bats
  A frilled lizard (D:2)
  A goblin (D:1)
  4 rats (D:2)
38 creatures vanquished.

Notes
Turn   | Place    | Note
-------+----------+-------------------------------------------
     0 | D:1      | speeev33 the Gargoyle Fighter began the quest for the Orb.
     0 | D:1      | Reached XP level 1. HP: 14/14 MP: 1/1
   142 | D:1      | Reached XP level 2. HP: 19/19 MP: 2/2
   710 | D:2      | Reached XP level 3. HP: 24/24 MP: 3/3
   905 | D:2      | Reached XP level 4. HP: 22/29 MP: 4/4
  1243 | D:2      | Reached skill level 4 in Fighting
  1439 | D:2      | Noticed Sigmund
  1451 | D:2      | Mangled by Sigmund

Illustrated notes

Levels and vault maps discovered:
D:1:      dpeg_arrival_renting, layout_basic
D:2:      layout_basic, uniq_sigmund

Skill      XL: |  1  2  3  4 |
---------------+-------------+-----
Fighting       | 4 |  4.0
Maces & Flails | |  2.8
Armour         | |  3.9
Shields        | |  3.9

Action                   |  1- 3 |  4- 6 || total
-------------------------+-------+-------++-------
Melee: Flail             |    76 |    73 ||   149
  Use: Scroll            |     1 |     2 ||     3
       Potion            |       |     1 ||     1
Armor: Scale mail        |    40 |    13 ||    53
       Chain mail        |       |    23 ||    23
Dodge: Dodged            |    44 |    23 ||    67
Block: Buckler           |    19 |    12 ||    31

Table legend: (Time is in decaauts)
 A = Elapsed time spent in this place.
 B = Non-inter-level travel time spent in this place.
 C = Inter-level travel time spent in this place.
 D = Time resting spent in this place.
 E = Time spent auto-exploring this place.
 F = Levels seen in this place.
 G = Mean time per level.
                   A        B        C        D        E       F      G
               +--------+--------+--------+--------+--------+-----+--------+
         Total |   1492 |   1458 |     34 |    127 |    988 |   2 |  746.0 |
       Dungeon |   1492 |   1458 |     34 |    127 |    988 |   2 |  746.0 |
               +--------+--------+--------+--------+--------+-----+--------+

Top non-repeatable levels by time:
     D:2: 835 daAuts
     D:1: 657 daAuts
